 Dungeon Crawl Stone Soup version 0.28-a0-46-g7b1be97da7 (webtiles) character file.

Game seed: 382823713469789395

1064 MirrMurr the Thrower (level 8, -5/57 (63) HPs)
             Began as a Gnoll Hunter on July 29, 2021.
             Slain by a vampire (8 damage)
             ... on level 5 of the Dungeon.
             The game lasted 00:13:43 (5613 turns).

MirrMurr the Thrower (Gnoll Hunter)                 Turns: 5613, Time: 00:13:43

HP:   -5/57 (63)    AC:  8    Str: 12    XL:     8   Next: 27%
MP:   21/21         EV: 13    Int: 13    God:
Gold: 680           SH:  0    Dex: 12    Spells: 13/13 levels left

rFire   . . .      SeeInvis +   a - +5 whip (venom)
rCold   + . .      Faith    .   B - +0 buckler
rNeg    . . .      Spirit   .   o - +2 leather armour {rC+}
rPois   .          Reflect  .   (no helmet)
rElec   .          Harm     .   t - +0 cloak
rCorr   .          Rampage  .   e - +1 pair of gloves
Will    .....                   (no boots)
Stlth   +.........              (no amulet)
HPRegen 0.19/turn               h - ring of see invisible
MPRegen 0.17/turn               u - ring of magical power

@: confused, drained
A: fangs 1, strong nose, distributed training
a: no special abilities


You were on level 5 of the Dungeon.
You visited 1 branch of the dungeon, and saw 5 of its levels.

You collected 1145 gold pieces.
You spent 465 gold pieces at shops.

Inventory:

Hand Weapons
 a - a +5 whip of venom (weapon)
 s - a +1 flail of venom
 w - a +1 dagger of electrocution
 x - a +0 hunting sling
Missiles
 c - 5 javelins
 d - 3 throwing nets
 k - 12 poisoned darts
 m - 2 boomerangs
 n - 42 stones (quivered)
 A - 16 sling bullets
Armour
 e - a +1 pair of gloves (worn)
 o - a +2 leather armour of cold resistance (worn)
 t - a +0 cloak (worn)
 B - a +0 buckler (worn)
Jewellery
 h - a ring of see invisible (left hand)
 q - a ring of ice
 u - a ring of magical power (right hand)
Scrolls
 l - a scroll of enchant armour
 p - a scroll of identify
 y - a scroll of teleportation {unknown}
Potions
 b - a potion of lignification {unknown}
 f - a potion of curing
 g - a potion of cancellation
 i - a potion of magic {unknown}
 j - 5 potions of flight
 r - a potion of heal wounds {unknown}
 v - a potion of mutation {unknown}
 z - a potion of ambrosia {unknown}


   Skills:
 + Level 5.6 Fighting
 + Level 3.1 Short Blades
 + Level 3.1 Long Blades
 + Level 3.1 Axes
 + Level 3.1 Maces & Flails
 + Level 3.1 Polearms
 + Level 3.1 Staves
 + Level 3.1 Slings
 + Level 3.1 Bows
 + Level 3.1 Crossbows
 + Level 9.1 Throwing
 + Level 3.1 Armour
 + Level 5.6 Dodging
 + Level 4.0 Stealth
 + Level 3.1 Shields
 + Level 3.1 Unarmed Combat
 + Level 3.1 Spellcasting
 + Level 2.5 Conjurations
 + Level 2.5 Hexes
 + Level 2.5 Summonings
 + Level 2.5 Necromancy
 + Level 2.5 Translocations
 + Level 2.5 Transmutations
 + Level 2.5 Fire Magic
 + Level 2.5 Ice Magic
 + Level 2.5 Air Magic
 + Level 2.5 Earth Magic
 + Level 2.5 Poison Magic
 + Level 3.4 Invocations
 + Level 3.1 Evocations


You had 13 spell levels left.
You didn't know any spells.
Your spell library contained the following spells:

 Spells                   Type           Power      Damage    Failure   Level
 Ozocubu's Armour         Ice            8%         N/A       34%         3
 Ozocubu's Refrigeration  Ice            4%         4d5       100%        7


Dungeon Overview and Level Annotations

Branches:
Dungeon (5/15)
 Temple: D:4-7

Altars:
Kikubaaqudgha

Shops:
D:1 !   D:4 =!:[

Annotations:
D:1 come back


Innate Abilities, Weirdness & Mutations

You have very sharp teeth.
Your uncanny sense of smell can sniff out nearby items.
Your experience applies equally to all skills.


Message History

The vampire is moderately damaged.
The vampire closely misses you.
The vampire bites you but does no damage.
You hit the vampire.
The vampire is heavily damaged.
The vampire hits you but does no damage.
The vampire misses you.
You hit the vampire. You bite the vampire, but do no damage.
The vampire is heavily damaged.
The vampire draws life force from you!
The vampire is healed by the life force!
You hit the vampire but do no damage.
The vampire is moderately damaged.
The vampire hits you! The vampire bites you!
The vampire draws strength from your injuries!
You are too injured to fight recklessly!
You are too injured to fight recklessly!
You are too injured to fight recklessly!
You hit the vampire.
The vampire is lightly damaged.
The vampire misses you. x2
You closely miss the vampire.
The vampire is lightly damaged.
The vampire barely misses you. The vampire closely misses you.
You barely miss the vampire.
The vampire is lightly damaged.
You closely miss the vampire.
The vampire is lightly damaged.
The vampire closely misses you. You block the vampire's attack.
You whack the vampire!
The vampire is moderately damaged.
The vampire casts a spell at you.
You are confused.
You bump into the rock wall.
The vampire hits you!
* * * LOW HITPOINT WARNING * * *
The vampire bites you!
* * * LOW HITPOINT WARNING * * *
The vampire draws strength from your injuries!
You bump into the rock wall.
The vampire hits you!
You die...

.## )# ##. .####
#(. ....# #(#
###.# #(# ##)##
#.# #(# #...# #.#
#(# ##...### #.#
#V# )......####.#
#@# ............#
#.# .......###..#
#.# ##...###
#..####.# ##...#
#.......#
###.#######.######
..<.........#
###.#########
....#


You could see a vampire (invisible).

Vanquished Creatures
  An ogre (D:5)
  A bullfrog (D:3)
  A scorpion (D:5)
  5 wights (D:5)
  2 bullfrog zombies (D:5)
  A hound (D:4)
  A jelly (D:5)
  4 orc priests
  Terence (D:3)
  An orc wizard (D:4)
  Natasha (thrice) (D:3)
  An iguana (D:5)
  A howler monkey zombie (D:5)
  8 gnolls
  9 adders
  2 dart slugs
  11 orcs
  4 bats
  8 endoplasms
  5 giant cockroaches
  8 goblins
  8 hobgoblins
  3 jackals
  2 quokkas
  7 ball pythons
  7 frilled lizards
  5 kobolds
  4 rats
114 creatures vanquished.

Vanquished Creatures (others)
  A human (D:3)
1 creature vanquished.

Grand Total: 115 creatures vanquished

Notes
Turn   | Place    | Note
-------+----------+-------------------------------------------
     0 | D:1      | MirrMurr the Gnoll Hunter began the quest for the Orb.
     0 | D:1      | Reached XP level 1. HP: 20/20 MP: 1/1
   249 | D:2      | Reached XP level 2. HP: 23/26 MP: 2/2
   253 | D:2      | Reached XP level 3. HP: 18/31 MP: 3/3
   406 | D:2      | Reached skill level 1 in Invocations
   768 | D:2      | Reached skill level 1 in Short Blades
   768 | D:2      | Reached skill level 1 in Long Blades
   768 | D:2      | Reached skill level 1 in Axes
   768 | D:2      | Reached skill level 1 in Maces & Flails
   768 | D:2      | Reached skill level 1 in Polearms
   768 | D:2      | Reached skill level 1 in Staves
   768 | D:2      | Reached skill level 1 in Slings
   768 | D:2      | Reached skill level 1 in Bows
   768 | D:2      | Reached skill level 1 in Crossbows
   768 | D:2      | Reached skill level 1 in Armour
   768 | D:2      | Reached skill level 1 in Shields
   768 | D:2      | Reached skill level 1 in Unarmed Combat
   768 | D:2      | Reached skill level 1 in Spellcasting
   768 | D:2      | Reached skill level 1 in Evocations
  1137 | D:1      | Reached XP level 4. HP: 38/38 MP: 5/5
  1303 | D:1      | Found Ezikeomeo's Distillery.
  1558 | D:1      | Found a faded altar of an unknown god.
  1881 | D:3      | Noticed Natasha
  1891 | D:3      | Killed Natasha
  1892 | D:3      | Reached skill level 1 in Conjurations
  1892 | D:3      | Reached skill level 1 in Hexes
  1892 | D:3      | Reached skill level 1 in Summonings
  1892 | D:3      | Reached skill level 1 in Necromancy
  1892 | D:3      | Reached skill level 1 in Translocations
  1892 | D:3      | Reached skill level 1 in Transmutations
  1892 | D:3      | Reached skill level 1 in Fire Magic
  1892 | D:3      | Reached skill level 1 in Ice Magic
  1892 | D:3      | Reached skill level 1 in Air Magic
  1892 | D:3      | Reached skill level 1 in Earth Magic
  1892 | D:3      | Reached skill level 1 in Poison Magic
  2012 | D:3      | Noticed a bullfrog
  2027 | D:3      | Killed a bullfrog
  2028 | D:3      | Reached XP level 5. HP: 24/43 MP: 5/7
  2316 | D:3      | Noticed Natasha
  2333 | D:3      | Killed Natasha
  2456 | D:3      | Found an ancient bone altar of Kikubaaqudgha.
  2465 | D:3      | Noticed a human
  2468 | D:3      | Killed a human
  2512 | D:3      | Noticed Natasha
  2519 | D:3      | Killed Natasha
  2520 | D:3      | Reached XP level 6. HP: 45/50 MP: 8/8
  2948 | D:3      | Reached skill level 5 in Fighting
  2948 | D:3      | Reached skill level 5 in Dodging
  2975 | D:3      | Noticed Terence
  2999 | D:3      | Killed Terence
  3238 | D:4      | Found Vixus's Book Boutique.
  3251 | D:4      | Identified a scroll of acquirement
  3251 | D:4      | Acquired 815 gold pieces
  3295 | D:4      | Found Surej's Distillery.
  3324 | D:4      | Found Urphulu's Jewellery Shop.
  3362 | D:4      | Bought a ring of see invisible for 180 gold pieces
  3464 | D:4      | Reached XP level 7. HP: 51/56 MP: 10/10
  3899 | D:4      | Found Muitoj's Antique Armour Shop.
  3935 | D:4      | Bought a dazzling cloak for 285 gold pieces
  3935 | D:4      | Identified the +0 cloak "Obuvuj" {Harm rElec Will- Dex+5}
                  | (You bought it in a shop on level 4 of the Dungeon)
  4108 | D:5      | Entered Level 5 of the Dungeon
  4501 | D:5      | Reached skill level 9 in Throwing
  4798 | D:5      | Reached XP level 8. HP: 19/63 MP: 12/12
  5595 | D:5      | Noticed a vampire
  5613 | D:5      | Slain by a vampire

Illustrated notes

Levels and vault maps discovered:
D:1:      heliophobic_arrival_enchanted_forest, layout_basic, serial_shops,
          shop_coins, shapermc_ecumenical_altar_notcrosses
D:2:      layout_basic
D:3:      layout_loops_cross, tgw_kikubaaqudgha, uniq_natasha, uniq_terence
D:4:      layout_rooms, serial_shops, shop, shop, shop, shop_statue,
          minmay_joined_circles
D:5:      layout_loops_ring, lightli_ossuary_entry_decrepit_ruins

Skill      XL: |  1  2  3  4  5  6  7  8 |
---------------+-------------------------+-----
Invocations    | 1 2 3 |  3.4
Short Blades   | 1 2 3 |  3.1
Long Blades    | 1 2 3 |  3.1
Axes           | 1 2 3 |  3.1
Maces & Flails | 1 2 3 |  3.1
Polearms       | 1 2 3 |  3.1
Staves         | 1 2 3 |  3.1
Slings         | 1 2 3 |  3.1
Bows           | 1 2 3 |  3.1
Crossbows      | 1 2 3 |  3.1
Armour         | 1 2 3 |  3.1
Shields        | 1 2 3 |  3.1
Unarmed Combat | 1 2 3 |  3.1
Spellcasting   | 1 2 3 |  3.1
Evocations     | 1 2 3 |  3.1
Conjurations   | 1 2 |  2.5
Hexes          | 1 2 |  2.5
Summonings     | 1 2 |  2.5
Necromancy     | 1 2 |  2.5
Translocations | 1 2 |  2.5
Transmutations | 1 2 |  2.5
Fire Magic     | 1 2 |  2.5
Ice Magic      | 1 2 |  2.5
Air Magic      | 1 2 |  2.5
Earth Magic    | 1 2 |  2.5
Poison Magic   | 1 2 |  2.5
Stealth        | 3 4 |  4.0
Fighting       | 5 |  5.6
Dodging        | 5 |  5.6
Throwing       | 9 |  9.1

Action                   |  1- 3 |  4- 6 |  7- 9 || total
-------------------------+-------+-------+-------++-------
Melee: Short sword       |    76 |    15 |       ||    91
       Bite              |     6 |     8 |    17 ||    31
       Punch             |     1 |       |     2 ||     3
       Whip              |       |   109 |   155 ||   264
Throw: Javelin           |     6 |       |       ||     6
       Stone             |       |   121 |    78 ||   199
  Use: Scroll            |       |     8 |       ||     8
 Stab: Sleeping          |     4 |       |       ||     4
Armor: Leather armour    |    38 |    36 |    34 ||   108
Dodge: Dodged            |   116 |    71 |    73 ||   260
Block: Buckler           |       |       |     9 ||     9

Table legend: (Time is in decaauts)
 A = Elapsed time spent in this place.
 B = Non-inter-level travel time spent in this place.
 C = Inter-level travel time spent in this place.
 D = Time resting spent in this place.
 E = Time spent auto-exploring this place.
 F = Levels seen in this place.
 G = Mean time per level.
                   A        B        C        D        E       F      G
               +--------+--------+--------+--------+--------+-----+--------+
         Total |   5571 |   5303 |    268 |      7 |   4263 |   5 | 1114.2 |
       Dungeon |   5571 |   5303 |    268 |      7 |   4263 |   5 | 1114.2 |
               +--------+--------+--------+--------+--------+-----+--------+

Top non-repeatable levels by time:
     D:5: 1448 daAuts
     D:3: 1427 daAuts
     D:2: 993 daAuts
     D:4: 877 daAuts
     D:1: 824 daAuts
